TOP OF THE 1ST |
Rice University Owls batting - Pitching for UCLA Bruins : LHP Brett Reed
|
Pitching: LHP Brett Reed
|
|
Batting: RHB Roberto Aispuro
|
0-0: Ball 1-0: Ball 2-0: Called Strike 2-1: Ball 3-1: Swinging Strike 3-2: Ground out 4-3 (Groundball, 4, EV 83.8 MPH)
|
Batting: RHB Tony Beaumond
|
0-0: Ball 1-0: Called Strike 1-1: Ball 2-1: Fly out, F9 (Flyball, 89D, EV 76.2 MPH)
|
Batting: RHB Dave Crouch
|
0-0: Called Strike 0-1: Swinging Strike 0-2: Ball 1-2: Foul Ball, location: 2F 1-2: Foul Ball, location: 2F 1-2: Foul Ball, location: 2F 1-2: Strikes out looking
|
Top of the 1st over - 0 runs, 0 hits, 0 errors, 0 left on base; Rice University 0 - UCLA 0 |
BOTTOM OF THE 1ST |
UCLA Bruins batting - Pitching for Rice University Owls : RHP Jordan Rondon
|
Pitching: RHP Jordan Rondon
|
|
Batting: SHB Jay Gagnon
|
0-0: Ball 1-0: Foul Ball, location: 2F 1-1: Ground out 6-3 (Groundball, 6MS, EV 67.5 MPH)
|
Batting: RHB Robby Hickman
|
0-0: Called Strike 0-1: Ball 1-1: Called Strike 1-2: Strikes out swinging
|
Batting: LHB Chris Jackson
|
0-0: Ground out 4-3 (Groundball, 34, EV 102.5 MPH)
|
Bottom of the 1st over - 0 runs, 0 hits, 0 errors, 0 left on base; Rice University 0 - UCLA 0 |
TOP OF THE 2ND |
Rice University Owls batting - Pitching for UCLA Bruins : LHP Brett Reed
|
Batting: RHB Tony Casas
|
0-0: Ball 1-0: Ground out 4-3 (Groundball, 4M, EV 83.8 MPH)
|
Batting: RHB Logan Johnson
|
0-0: Ball 1-0: Called Strike 1-1: Ball 2-1: Ball 3-1: Foul Ball, location: 2F 3-2: Foul Ball, location: 2F 3-2: SINGLE (Flyball, 8LS, EV 97.5 MPH)
|
Batting: SHB Justin Towry
|
0-0: Swinging Strike 0-1: Swinging Strike 0-2: Ball 1-2: Foul Ball, location: 2F 1-2: Strikes out swinging
|
Batting: RHB Josh Faulconer
|
0-0: Ball 1-0: SINGLE (Groundball, 56D, EV 104.4 MPH) Logan Johnson to second
|
Batting: RHB Steve Goodall
|
0-0: Foul Ball, location: 2F 0-1: Called Strike 0-2: Fly out, F9 (Flyball, 9S, EV 93.1 MPH)
|
Top of the 2nd over - 0 runs, 2 hits, 0 errors, 2 left on base; Rice University 0 - UCLA 0 |
BOTTOM OF THE 2ND |
UCLA Bruins batting - Pitching for Rice University Owls : RHP Jordan Rondon
|
Batting: RHB Leo Gonzalez
|
0-0: Called Strike 0-1: Swinging Strike 0-2: Strikes out swinging
|
Batting: RHB German Quiroga
|
0-0: Ball 1-0: Ball 2-0: Foul Ball, location: 2F 2-1: Foul Ball, location: 2F 2-2: Foul Ball, location: 2F 2-2: Strikes out swinging
|
Batting: RHB Steve Errico
|
0-0: Foul Ball, location: 2F 0-1: Foul Ball, location: 2F 0-2: Ball 1-2: Ball 2-2: Strikes out swinging
|
Bottom of the 2nd over - 0 runs, 0 hits, 0 errors, 0 left on base; Rice University 0 - UCLA 0 |
TOP OF THE 3RD |
Rice University Owls batting - Pitching for UCLA Bruins : LHP Brett Reed
|
Batting: LHB Mason Duffy
|
0-0: Ball 1-0: Foul Ball, location: 2F 1-1: Called Strike 1-2: Ball 2-2: Strikes out swinging
|
Batting: RHB Roberto Aispuro
|
0-0: Ball 1-0: Fly out, F8 (Flyball, 8RM, EV 85.6 MPH)
|
Batting: RHB Tony Beaumond
|
0-0: Ball 1-0: Fly out, F8 (Flyball, 89XD, EV 103.8 MPH)
|
Top of the 3rd over - 0 runs, 0 hits, 0 errors, 0 left on base; Rice University 0 - UCLA 0 |
BOTTOM OF THE 3RD |
UCLA Bruins batting - Pitching for Rice University Owls : RHP Jordan Rondon
|
Batting: RHB Alex Collazo
|
0-0: Swinging Strike 0-1: Fly out, F8 (Flyball, 8RD, EV 103.1 MPH)
|
Batting: RHB Eddie Serna
|
0-0: Called Strike 0-1: Ball 1-1: Fly out, F8 (Flyball, 8LD, EV 109.4 MPH)
|
Batting: RHB Lorenzo Diaz
|
0-0: DOUBLE (Line Drive, 7LM, EV 102.5 MPH)
|
Batting: SHB Jay Gagnon
|
0-0: Called Strike 0-1: Foul Ball, location: 2F 0-2: Foul Ball, location: 2F 0-2: Ball 1-2: Ball 2-2: Foul Ball, location: 2F 2-2: Foul Ball, location: 2F 2-2: Fly out, F8 (Line Drive, 8RM, EV 92.5 MPH)
|
Bottom of the 3rd over - 0 runs, 1 hit, 0 errors, 1 left on base; Rice University 0 - UCLA 0 |
TOP OF THE 4TH |
Rice University Owls batting - Pitching for UCLA Bruins : LHP Brett Reed
|
Batting: RHB Dave Crouch
|
0-0: Ball 1-0: Called Strike 1-1: Ball 2-1: Ball 3-1: SINGLE (Line Drive, 7S, EV 92.5 MPH)
|
Batting: RHB Tony Casas
|
0-0: Grounds into double play, 6-4-3 (Groundball, 6, EV 88.1 MPH)
|
Batting: RHB Logan Johnson
|
0-0: Ball 1-0: SINGLE (Line Drive, 6M, EV 103.1 MPH)
|
Batting: SHB Justin Towry
|
0-0: Ball 1-0: Ball 2-0: Ball 3-0: Called Strike 3-1: Called Strike 3-2: Ground out 6-3 (Groundball, P, EV 84.4 MPH)
|
Top of the 4th over - 0 runs, 2 hits, 0 errors, 1 left on base; Rice University 0 - UCLA 0 |
BOTTOM OF THE 4TH |
UCLA Bruins batting - Pitching for Rice University Owls : RHP Jordan Rondon
|
Batting: RHB Robby Hickman
|
0-0: Ground out U3 (Groundball, 34, EV 88.8 MPH)
|
Batting: LHB Chris Jackson
|
0-0: Foul Ball, location: 2F 0-1: Ball 1-1: Fly out, F7 (Flyball, 78S, EV 85.0 MPH)
|
Batting: RHB Leo Gonzalez
|
0-0: Foul Ball, location: 2F 0-1: Ground out 4-3 (Groundball, 4, EV 77.5 MPH)
|
Bottom of the 4th over - 0 runs, 0 hits, 0 errors, 0 left on base; Rice University 0 - UCLA 0 |
TOP OF THE 5TH |
Rice University Owls batting - Pitching for UCLA Bruins : LHP Brett Reed
|
Batting: RHB Josh Faulconer
|
0-0: Ball 1-0: Called Strike 1-1: Ball 2-1: Ground out 6-3 (Groundball, 6, EV 90.0 MPH)
|
Batting: RHB Steve Goodall
|
0-0: Ball 1-0: Called Strike 1-1: Ball 2-1: Foul Ball, location: 2F 2-2: Ground out 3-1 (Groundball, 34S, EV 77.5 MPH)
|
Batting: LHB Mason Duffy
|
0-0: Called Strike 0-1: Foul Ball, location: 2F 0-2: Foul Ball, location: 2F 0-2: Ball 1-2: Foul Ball, location: 2F 1-2: Ball 2-2: Ground out 4-3 (Groundball, 4, EV 83.1 MPH)
|
Top of the 5th over - 0 runs, 0 hits, 0 errors, 0 left on base; Rice University 0 - UCLA 0 |
BOTTOM OF THE 5TH |
UCLA Bruins batting - Pitching for Rice University Owls : RHP Jordan Rondon
|
Batting: RHB German Quiroga
|
0-0: Called Strike 0-1: Foul Ball, location: 2F 0-2: Ball 1-2: Strikes out swinging
|
Batting: RHB Steve Errico
|
0-0: Called Strike 0-1: Ball 1-1: DOUBLE (Line Drive, 78XD, EV 98.8 MPH)
|
Batting: RHB Alex Collazo
|
0-0: Ball 1-0: Ball 2-0: Called Strike 2-1: Ball 3-1: Swinging Strike 3-2: Base on Balls
|
Batting: RHB Eddie Serna
|
0-0: Ball 1-0: Ball 2-0: Called Strike 2-1: Grounds into double play, 5-4-3 (Groundball, 56, EV 86.9 MPH)
|
Bottom of the 5th over - 0 runs, 1 hit, 0 errors, 1 left on base; Rice University 0 - UCLA 0 |
TOP OF THE 6TH |
Rice University Owls batting - Pitching for UCLA Bruins : LHP Brett Reed
|
Pitching: RHP Daniel Boulter
|
|
Batting: RHB Roberto Aispuro
|
0-0: Ball 1-0: Foul Ball, location: 2F 1-1: Ball 2-1: SINGLE (Groundball, 6MD, EV 108.8 MPH)
|
Batting: RHB Tony Beaumond
|
0-0: DOUBLE (Flyball, 89D, EV 98.8 MPH) Roberto Aispuro to third
|
Batting: RHB Dave Crouch
|
0-0: SINGLE (Line Drive, 6D, EV 94.4 MPH) Roberto Aispuro scores Tony Beaumond to third Runner from 3rd tries for Home, SAFE, throw by CF to home
|
Batting: RHB Tony Casas
|
0-0: Called Strike 0-1: Ball 1-1: Fly out, F9 (Flyball, 9LM, EV 79.4 MPH)
|
Batting: RHB Logan Johnson
|
0-0: Swinging Strike 0-1: Foul Ball, location: 2F 0-2: Ball 1-2: Ball 2-2: Foul Ball, location: 2F 2-2: Foul Ball, location: 2F 2-2: Fly out, F7 (Flyball, 7S, EV 98.1 MPH)
|
Batting: SHB Justin Towry
|
0-0: Fly out, F8 (Flyball, 8RXD, EV 93.1 MPH)
|
Top of the 6th over - 2 runs, 3 hits, 0 errors, 1 left on base; Rice University 2 - UCLA 0 |
BOTTOM OF THE 6TH |
UCLA Bruins batting - Pitching for Rice University Owls : RHP Jordan Rondon
|
Batting: RHB Lorenzo Diaz
|
0-0: Ground out 6-3 (Groundball, 6, EV 83.1 MPH)
|
Batting: SHB Jay Gagnon
|
0-0: Ball 1-0: SINGLE (Line Drive, 56D, EV 96.2 MPH)
|
Batting: RHB Robby Hickman
|
0-0: Ball 1-0: Foul Ball, location: 2F 1-1: Fielders Choice at 2nd, 6-4 (Groundball, 56, EV 100.6 MPH)
|
Batting: LHB Chris Jackson
|
0-0: SINGLE (Groundball, 34S, EV 64.4 MPH) (infield hit) Robby Hickman to second
|
Batting: RHB Leo Gonzalez
|
0-0: DOUBLE (Flyball, 7LD, EV 99.4 MPH) Robby Hickman scores Chris Jackson to third
|
Batting: RHB German Quiroga
|
0-0: Called Strike 0-1: Foul Ball, location: 2F 0-2: Foul Ball, location: 2F 0-2: Strikes out swinging
|
Bottom of the 6th over - 1 run, 3 hits, 0 errors, 2 left on base; Rice University 2 - UCLA 1 |
TOP OF THE 7TH |
Rice University Owls batting - Pitching for UCLA Bruins : RHP Daniel Boulter
|
Batting: RHB Josh Faulconer
|
0-0: Foul Ball, location: 2F 0-1: Swinging Strike 0-2: Hit by Pitch
|
Batting: RHB Steve Goodall
|
0-0: Foul Ball, location: 2F 0-1: Ball 1-1: Ball 2-1: Ball 3-1: SINGLE (Groundball, 34D, EV 98.8 MPH) Josh Faulconer to second Runner from 2nd tries for 3rd, SAFE, throw by RF made to third
|
Batting: LHB Mason Duffy
|
0-0: Called Strike 0-1: Ball 1-1: Fielders Choice at 2nd, 1-6 (Groundball, 13S, EV 65.6 MPH)
|
Batting: RHB Roberto Aispuro
|
0-0: Called Strike Mason Duffy is caught stealing 2nd base 2-4 0-1: Called Strike 0-2: Ball 1-2: Ground out 5-3 (Groundball, 5, EV 89.4 MPH)
|
Top of the 7th over - 0 runs, 1 hit, 0 errors, 1 left on base; Rice University 2 - UCLA 1 |
BOTTOM OF THE 7TH |
UCLA Bruins batting - Pitching for Rice University Owls : RHP Jordan Rondon
|
Batting: RHB Steve Errico
|
0-0: Foul Ball, location: 2F 0-1: Ball 1-1: SINGLE (Line Drive, 89S, EV 98.8 MPH)
|
Pinch Hitting: LHB Tony Leyba
|
0-0: Called Strike 0-1: Called Strike 0-2: Ball 1-2: Foul Ball, location: 2F 1-2: Fly out, F5 (Popup, 5S, EV 82.5 MPH)
|
Pitching: LHP Tyler Portier
|
|
Batting: RHB Eddie Serna
|
0-0: Ball 1-0: Ball 2-0: Called Strike 2-1: Called Strike 2-2: Strikes out swinging
|
Batting: RHB Lorenzo Diaz
|
0-0: Called Strike 0-1: Foul Ball, location: 2F 0-2: Fly out, F9 (Flyball, 89D, EV 101.2 MPH)
|
Bottom of the 7th over - 0 runs, 1 hit, 0 errors, 1 left on base; Rice University 2 - UCLA 1 |
TOP OF THE 8TH |
Rice University Owls batting - Pitching for UCLA Bruins : RHP Daniel Boulter
|
Pitching: RHP Jayden Taylor
|
|
Now in RF: Rusty Trader
|
|
Batting: RHB Tony Beaumond
|
0-0: Ball 1-0: Called Strike 1-1: Ball 2-1: Fly out, F7 (Flyball, 7S, EV 75.0 MPH)
|
Batting: RHB Dave Crouch
|
0-0: Ball 1-0: Fly out, F7 (Flyball, 78M, EV 88.8 MPH)
|
Batting: RHB Tony Casas
|
0-0: Ball 1-0: SINGLE (Groundball, 6S, EV 70.6 MPH) (infield hit)
|
Batting: RHB Logan Johnson
|
0-0: Ball 1-0: Called Strike 1-1: Ball 2-1: Called Strike 2-2: Ball 3-2: Fly out, F8 (Flyball, 8LD, EV 91.2 MPH)
|
Top of the 8th over - 0 runs, 1 hit, 0 errors, 1 left on base; Rice University 2 - UCLA 1 |
BOTTOM OF THE 8TH |
UCLA Bruins batting - Pitching for Rice University Owls : LHP Tyler Portier
|
Batting: SHB Jay Gagnon
|
0-0: Foul Ball, location: 2F 0-1: Foul Ball, location: 2F 0-2: Strikes out looking
|
Batting: RHB Robby Hickman
|
0-0: Ball 1-0: Ball 2-0: Called Strike 2-1: SINGLE (Groundball, 15S, EV 62.5 MPH) (infield hit)
|
Pinch Hitting: RHB Ed Pittman
|
0-0: Grounds into double play, 6-4-3 (Groundball, 6S, EV 86.2 MPH)
|
Bottom of the 8th over - 0 runs, 1 hit, 0 errors, 0 left on base; Rice University 2 - UCLA 1 |
TOP OF THE 9TH |
Rice University Owls batting - Pitching for UCLA Bruins : RHP Jayden Taylor
|
Pitching: RHP Frank Kats
|
|
Now in LF: Ed Pittman
|
|
Batting: SHB Justin Towry
|
0-0: Ball 1-0: Called Strike 1-1: Ground out 4-3 (Groundball, 4, EV 86.9 MPH)
|
Batting: RHB Josh Faulconer
|
0-0: Called Strike 0-1: Foul Ball, location: 2F 0-2: Ball 1-2: Ball 2-2: Foul Ball, location: 2F 2-2: Foul Ball, location: 2F 2-2: Ball 3-2: Strikes out looking
|
Batting: RHB Steve Goodall
|
0-0: Foul Ball, location: 2F 0-1: Foul Ball, location: 2F 0-2: Ground out 6-3 (Groundball, 6, EV 105.0 MPH)
|
Top of the 9th over - 0 runs, 0 hits, 0 errors, 0 left on base; Rice University 2 - UCLA 1 |
BOTTOM OF THE 9TH |
UCLA Bruins batting - Pitching for Rice University Owls : LHP Tyler Portier
|
Pitching: RHP Bobby Servin
|
|
Batting: RHB Leo Gonzalez
|
0-0: Ground out 5-3 (Groundball, 5L, EV 105.0 MPH)
|
Batting: RHB German Quiroga
|
0-0: Called Strike 0-1: Swinging Strike 0-2: Strikes out swinging
|
Batting: RHB Steve Errico
|
0-0: Called Strike 0-1: Swinging Strike 0-2: Strikes out looking
|
Bottom of the 9th over - 0 runs, 0 hits, 0 errors, 0 left on base; Rice University 2 - UCLA 1 |
|